 Dungeon Crawl Stone Soup version 0.22-a0-456-g11ed031 (webtiles) character file.

14830 grizmgrazm2 the Cleaver (level 11, -3/102 HPs)
             Began as a Deep Dwarf Fighter on June 6, 2018.
             Was a High Priest of Makhleb.
             Succumbed to a spiny frog's poison
             ... on level 1 of the Lair of Beasts.
             The game lasted 00:37:12 (9617 turns).

grizmgrazm2 the Cleaver (Deep Dwarf Fighter)        Turns: 9617, Time: 00:37:12

Health: -3/102     AC: 12    Str: 20    XL:     11   Next: 93%
Magic:  12/12      EV: 13    Int:  9    God:    Makhleb [*****.]
Gold:   345        SH: 11    Dex: 15    Spells: 10/10 levels left

rFire    . . .     SeeInvis .   a - +2 war axe
rCold    . . .     Gourm    +   c - +4 shield
rNeg     . . .     Faith    .   g - +0 chain mail
rPois    .         Spirit   .   l - +1 helmet
rElec    .         Reflect  .   d - +0 cloak
rCorr    .         Harm     .   (no gloves)
MR       +....                  B - +0 pair of boots
Stlth    ..........             b - amulet of the gourmand
HPRegen  0.00/turn              v - +3 ring of evasion
MPRegen  0.13/turn              w - +6 ring of evasion

@: lethally poisoned (-3 -> -10), non-regenerating, extremely drained
A: damage resistance, heal wounds, sense surroundings 2, no regeneration
a: Heal Wounds, Minor Destruction, Lesser Servant of Makhleb, Major Destruction,
Greater Servant of Makhleb, Renounce Religion


You were on level 1 of the Lair of Beasts.
You worshipped Makhleb.
Makhleb was extremely pleased with you.
You were not hungry.

You visited 3 branches of the dungeon, and saw 15 of its levels.
You visited 1 bazaar.

You collected 839 gold pieces.
You spent 494 gold pieces at shops.

Inventory:

Hand Weapons
 a - a +2 war axe (weapon)
Armour
 c - a +4 shield (worn)
 d - a +0 cloak (worn)
 g - a +0 chain mail (worn)
 l - a +1 helmet (worn)
 o - a +0 pair of boots
 B - a +0 pair of boots (worn)
Magical Staves
 F - an uncursed staff of cold
Jewellery
 b - an amulet of the gourmand (around neck)
 r - an uncursed amulet of guardian spirit
 v - a +3 ring of evasion (left hand)
 w - a +6 ring of evasion (right hand)
Wands
 A - a wand of iceblast (18)
 D - a wand of flame (55)
 G - a wand of random effects (32)
 J - a wand of digging (13)
Scrolls
 e - 3 scrolls of noise {unknown}
 k - 5 scrolls of remove curse
 n - 5 scrolls of teleportation
 q - 2 scrolls of fog
 t - 8 scrolls of identify
 y - a scroll of amnesia
 C - 3 scrolls of blinking
Potions
 h - 4 potions of mutation
 i - a potion of lignification
 m - 2 potions of brilliance
 E - a potion of magic
Comestibles
 f - 19 rations


   Skills:
 + Level 7.7(0.0) Fighting
 + Level 13.1(0.0) Axes
 + Level 8.2(0.0) Armour
 + Level 4.8(0.0) Dodging
 + Level 1.9(0.0) Stealth
 + Level 11.0(0.0) Shields
 + Level 0.3(0.0) Invocations
 + Level 3.3(0.0) Evocations


You had 10 spell levels left.
You didn't know any spells.
Your spell library contained the following spells:

 Spells                   Type           Power        Failure   Level  Hunger
 Apportation              Tloc           #.....       100%        1    ##.....
 Summon Small Mammal      Summ           #...         100%        1    ##.....
 Animate Skeleton         Necr           N/A          100%        1    ##.....
 Confusing Touch          Hex            #.....       100%        1    ##.....


Dungeon Overview and Level Annotations

Branches:
Dungeon (13/15)            Temple (0/1) D:7            Lair (1/6) D:8
    Orc (1/2) D:10
 Vaults: D:13-14

Altars:
Hepliaklqana
Kikubaaqudgha
Makhleb
Nemelex Xobeh
Sif Muna
Vehumet
The Shining One

Shops:
D:5 ([   D:6 *   D:10 :

Annotations:
D:4 Pikel
D:8 Gastronok; Nib's ghost, novice DrTm


Innate Abilities, Weirdness & Mutations

You are resistant to damage.
You can heal yourself by infusing magical energy.
You passively map the area around you.
You do not regenerate.


Message History

f - 19 rations (gained 1)
You now have 345 gold pieces (gained 10).
The spiny frog stings you!
* * * LOW HITPOINT WARNING * * *
You are poisoned.
The spiny frog poisons you!
Found 12 stones.
The spiny frog stings you!
* * * LOW HITPOINT WARNING * * *
You are lethally poisoned!
The spiny frog poisons you! You block the spiny frog's attack.
Found a scroll of enchant armour.
You hit the spiny frog.
The spiny frog is lightly wounded.
* * * LOW HITPOINT WARNING * * *
You feel very sick. You block the spiny frog's attack.
You hit the spiny frog.
The spiny frog is lightly wounded.
You die...

#..###......#P##............
#..##......P####...........#
#......#....................
###.........................
#P................ ........
##.....#........... .......
#....>.............. .......
** ....................
....... ,
............@.......,
....... ,
.........###F.P..... ......
, .......... #..#.....,
..... , .........# #..# ..(.
, .......... .... ... ,, ,,
, ....##..#,..... ,.., , , ,
* #.$,.## ,......, ? , , ,+
*........ , , , , ,, , ,, ,


You could see a spiny frog.

Vanquished Creatures
  4 two-headed ogres
  2 cyclopes
  Psyche (D:9)
  A gargoyle (D:11)
  2 trolls
  3 hippogriffs
  A shadow (D:11)
  13 yaks
  A wraith (D:10)
  2 wyverns
  A steam dragon (D:10)
  2 hungry ghosts
  Menkaure (D:7)
  3 water moccasins
  A porcupine (Lair:1)
  5 orc warriors
  3 sky beasts
  3 phantoms
  3 ice beasts
  A black bear (D:12)
  11 ogres
  A necrophage (D:9)
  A wolf (Orc:1)
  A crocodile (Lair:1)
  8 centaurs
  A big kobold (D:12)
  7 bullfrogs
  A gnoll sergeant (D:10)
  3 scorpions
  A wyvern skeleton (D:9)
  A water moccasin skeleton (D:7)
  3 wights (D:8)
  3 killer bees (D:11)
  4 crimson imps
  A centaur zombie (D:12)
  2 bullfrog zombies
  A jelly (D:9)
  A centaur skeleton (D:8)
  3 orc priests
  7 hounds
  17 orc wizards
  4 bullfrog skeletons
  3 iguanas
  7 worker ants
  A hound skeleton (D:7)
  A hound zombie (D:9)
  2 worker ant zombies
  3 gnolls (D:10)
  10 adders
  4 shadow imps
  4 oozes
  An adder zombie (D:5)
  An adder skeleton (D:5)
  4 worms
  A dart slug (D:1)
  7 leopard geckos
  50 orcs
  5 giant cockroaches
  7 goblins
  4 hobgoblins
  4 jackals (D:4)
  9 kobolds
  5 quokkas
  A ball python (D:8)
  9 bats
  4 frilled lizards
  A leopard gecko skeleton (D:5)
  12 rats
  A fungus (D:2)
296 creatures vanquished.

Vanquished Creatures (collateral kills)
  Sonja (D:10)
  An ice beast (D:8)
  An orc warrior (D:10)
  A bullfrog skeleton (D:8)
  2 orc priests (D:10)
6 creatures vanquished.

Grand Total: 302 creatures vanquished

Notes
Turn   | Place    | Note
-------+----------+-------------------------------------------
     0 | D:1      | grizmgrazm2 the Deep Dwarf Fighter began the quest for the Orb.
     0 | D:1      | Reached XP level 1. HP: 20/20 MP: 1/1
   114 | D:1      | Reached XP level 2. HP: 24/27 MP: 2/2
   747 | D:2      | Reached XP level 3. HP: 30/34 MP: 3/3
  1175 | D:2      | Reached skill level 1 in Dodging
  1236 | D:2      | Found a faded altar of an unknown god.
  1611 | D:3      | Found a hazy altar of Hepliaklqana.
  1632 | D:2      | Reached XP level 4. HP: 41/42 MP: 4/4
  1758 | D:3      | Reached skill level 3 in Axes
  1760 | D:3      | Reached skill level 1 in Evocations
  1760 | D:3      | Reached XP level 5. HP: 44/49 MP: 5/5
  1967 | D:3      | Found a burning altar of Makhleb.
  1969 | D:3      | Found a glowing golden altar of the Shining One.
  1975 | D:3      | Became a worshipper of Makhleb the Destroyer
  2425 | D:4      | Noticed an ogre
  2435 | D:4      | Killed an ogre
  2435 | D:4      | Reached XP level 6. HP: 33/56 MP: 7/7
  2537 | D:4      | Reached * piety under Makhleb
  2587 | D:4      | Noticed a slave
  2666 | D:4      | Noticed a slave
  2666 | D:4      | Noticed a slave
  2680 | D:4      | Noticed Pikel
  2682 | D:5      | Entered Level 5 of the Dungeon
  2682 | D:5      | Found Vatref's Weapon Shop.
  2739 | D:5      | Reached skill level 4 in Axes
  2751 | D:5      | Noticed a sky beast
  2771 | D:5      | Killed a sky beast
  2771 | D:5      | Reached XP level 7. HP: 32/63 MP: 0/8
  2788 | D:5      | Found Ucuhywe's Antique Armour Boutique.
  2960 | D:5      | Reached skill level 5 in Axes
  2960 | D:5      | Reached skill level 5 in Shields
  3058 | D:5      | Found a sparkling altar of Nemelex Xobeh.
  3058 | D:5      | Found an ancient bone altar of Kikubaaqudgha.
  3201 | D:6      | Reached skill level 5 in Armour
  3246 | D:6      | Reached skill level 6 in Axes
  3266 | D:6      | Reached XP level 8. HP: 39/73 MP: 0/9
  3296 | D:6      | Reached skill level 1 in Stealth
  3370 | D:6      | Reached ** piety under Makhleb
  3396 | D:6      | Found a radiant altar of Vehumet.
  3461 | D:6      | Reached skill level 7 in Axes
  3739 | D:6      | Found Qeclox's General Store.
  3749 | D:6      | Bought a potion of curing for 33 gold pieces
  3749 | D:6      | Bought a wand of iceblast (10) for 154 gold pieces
  3749 | D:6      | Bought a wand of flame (32) for 187 gold pieces
  4152 | D:7      | Found a staircase to the Ecumenical Temple.
  4580 | D:7      | Noticed Menkaure
  4582 | D:7      | Reached skill level 5 in Fighting
  4584 | D:7      | Killed Menkaure
  4782 | D:7      | Reached skill level 8 in Axes
  4788 | D:7      | Gained mutation: You passively map the area around you. [Deep Dwarf growth]
  4788 | D:7      | Reached XP level 9. HP: 38/81 MP: 10/10
  4970 | D:8      | Noticed Nib's ghost (novice DrTm)
  5119 | D:9      | Reached skill level 9 in Axes
  5136 | D:9      | Noticed a cyclops
  5156 | D:9      | Killed a cyclops
  5156 | D:9      | Reached *** piety under Makhleb
  5161 | D:9      | Noticed a troll
  5170 | D:9      | Killed a troll
  5288 | D:9      | Reached skill level 10 in Axes
  5311 | D:9      | Reached XP level 10. HP: 91/91 MP: 12/12
  5403 | D:9      | Noticed Psyche
  5411 | D:9      | Killed Psyche
  5675 | D:9      | Found a deep blue altar of Sif Muna.
  5767 | D:9      | You fall through a shaft for 3 floors!
  5790 | D:12     | Reached skill level 11 in Axes
  5865 | D:12     | Reached **** piety under Makhleb
  5929 | D:12     | Found a flickering gateway to a bazaar.
  5940 | Bazaar   | Entered a bazaar
  5943 | Bazaar   | Found Ocubrub's Gadget Shop.
  5976 | Bazaar   | Found Lenegara's Book Boutique.
  5976 | Bazaar   | Found Tukezipn's Weapon Shop.
  6003 | Bazaar   | Found Ziehaupo's Distillery.
  6008 | Bazaar   | Bought a potion of heal wounds for 40 gold pieces
  6008 | Bazaar   | Bought a potion of brilliance for 32 gold pieces
  6008 | Bazaar   | Bought a potion of curing for 24 gold pieces
  6008 | Bazaar   | Bought a potion of curing for 24 gold pieces
  6045 | D:12     | Noticed a two-headed ogre
  6062 | D:12     | Killed a two-headed ogre
  6804 | D:11     | Noticed a cyclops
  6808 | D:11     | Noticed a gargoyle
  6827 | D:11     | Killed a gargoyle
  6833 | D:11     | Killed a cyclops
  6833 | D:11     | Reached XP level 11. HP: 88/99 MP: 13/13
  6837 | D:11     | Noticed a two-headed ogre
  6847 | D:11     | Killed a two-headed ogre
  6847 | D:11     | Reached skill level 12 in Axes
  6869 | D:11     | Noticed a two-headed ogre
  6877 | D:11     | Killed a two-headed ogre
  6877 | D:11     | Reached skill level 10 in Shields
  6942 | D:11     | You fall through a shaft!
  6949 | D:11     | Noticed a two-headed ogre
  6958 | D:11     | Killed a two-headed ogre
  6958 | D:11     | Reached ***** piety under Makhleb
  7247 | D:10     | Entered Level 10 of the Dungeon
  7247 | D:10     | Found Naiweexe's Book Emporium.
  7292 | D:10     | Found a staircase to the Orcish Mines.
  7426 | D:10     | Reached skill level 13 in Axes
  7480 | D:10     | Noticed Sonja
  7549 | D:10     | Killed Sonja
  8395 | D:8      | Noticed Gastronok
  8536 | Orc:1    | Entered Level 1 of the Orcish Mines
  9008 | D:13     | Noticed a four-headed hydra
  9424 | D:8      | Found a staircase to the Lair.
  9445 | Lair:1   | Entered Level 1 of the Lair of Beasts
  9532 | Lair:1   | HP: 5/102 [crocodile (10)]
  9615 | Lair:1   | HP: 5/102 [spiny frog (14)]
  9616 | Lair:1   | HP: 1/102 [poisoned by a spiny frog]
  9617 | Lair:1   | Succumbed to a spiny frog's poison

Vault maps used:
D:1:      scummos_arrival_checkerplants
D:2:      first_ration, chequers_ecumenical_altar_simple_redux,
          minmay_gold_behind_fungi, minmay_misc_feat_x
D:3:      chequers_temple_overflow_statue_of_worship, lemuel_crystal_altar
D:4:      cheibrodos_quashed, hex_large, corner_web_ring, uniq_pikel
D:5:      gammafunk_temple_overflow_pools, serial_shops, nicolae_shop_crystal,
          nicolae_shop_overgrown_old_shop
D:6:      serial_shops, shop, basic_altar, kennysheep_generic_room_7
D:7:      minmay_temple_entry_butterflies, uniq_menkaure
D:8:      lair_entry_dummy, serial_glass, glass_columns_a, glass_columns_b,
          uniq_gastronok
D:9:      led_sif_pool, grunt_ogre_cave, uniq_psyche
D:10:     kennysheep_orc_monster_closet_entryway, serial_shops, shop, uniq_sonja
D:12:     serial_shops, bzr_entry_safe
D:13:     serial_co_window_serial, co_window_paths_a, co_window_paths_a,
          co_window_paths_a, co_window_of_opportunity_a, co_window_paths_b,
          co_window_corner_a, co_window_paths_b, co_window_unsneaky_path_a,
          co_window_corner_ca, co_window_corner_cb, co_window_cross_3,
          co_window_4corner_b, basic_altar, minmay_ruined_shrine
Lair:1:   grunt_megastairs_4, serial_bayou_shore_a
Orc:1:    giant_chief_lemuel
Bazaar:   bazaar_jpeg_honeycomb

Skill      XL: |  1  2  3  4  5  6  7  8  9 10 11 |
---------------+----------------------------------+-----
Fighting       | 3 4 5 6 7 |  7.7
Dodging        | 1 2 3 4 |  4.8
Axes           | 3 4 6 8 10 11 13 | 13.1
Armour         | 4 5 6 7 8 |  8.2
Shields        | 4 5 6 8 9 11 | 11.0
Evocations     | 1 2 3 |  3.3
Stealth        | 1 |  1.9
Invocations    | |  0.3

Action                   |  1- 3 |  4- 6 |  7- 9 | 10-12 || total
-------------------------+-------+-------+-------+-------++-------
Melee: War axe           |   145 |   146 |   362 |   686 ||  1339
Invok: Lesser Servant of |       |       |       |     2 ||     2
       Major Destruction |       |       |       |     1 ||     1
 Abil: Heal Wounds       |       |     1 |     2 |     1 ||     4
Evoke: Wand              |       |     5 |    10 |     6 ||    21
  Use: Scroll            |     9 |     6 |     8 |     6 ||    29
       Potion            |     1 |       |     3 |    25 ||    29
 Stab: Distracted        |       |       |       |     1 ||     1
  Eat: Chunk             |     2 |    13 |     8 |     5 ||    28
       Ration            |       |       |       |     6 ||     6
Armor: Scale mail        |    62 |       |       |       ||    62
       Chain mail        |    12 |    67 |    80 |   221 ||   380
       Skin              |       |       |       |     8 ||     8
Dodge: Dodged            |    44 |    39 |   168 |   404 ||   655
Block: Shield            |    85 |    82 |   228 |   611 ||  1006

Table legend:
 A = Spawn XP
 B = Non-spawn XP
 C = Spawn XP percentage of total XP
 D = Spawn monster count
 E = Non-spawn monster count
 F = Spawn count percentage of total count
 G = Total turns spent on level
                    A         B        C        D         E        F      G
               +---------+---------+-------+---------+---------+-------+---------
         Total |       0 |   21186 |   0.0 |       0 |     301 |   0.0 |  9617
               +---------+---------+-------+---------+---------+-------+---------
           D:1 |       0 |      38 |   0.0 |       0 |      21 |   0.0 |   721
           D:2 |       0 |      66 |   0.0 |       0 |      23 |   0.0 |   919
           D:3 |       0 |     141 |   0.0 |       0 |      18 |   0.0 |   475
           D:4 |       0 |     269 |   0.0 |       0 |      25 |   0.0 |   567
           D:5 |       0 |     427 |   0.0 |       0 |      16 |   0.0 |   484
           D:6 |       0 |    1098 |   0.0 |       0 |      18 |   0.0 |   955
           D:7 |       0 |     809 |   0.0 |       0 |      15 |   0.0 |   745
           D:8 |       0 |    1641 |   0.0 |       0 |      28 |   0.0 |  1014
           D:9 |       0 |    4675 |   0.0 |       0 |      42 |   0.0 |  1108
          D:10 |       0 |    2292 |   0.0 |       0 |      29 |   0.0 |   846
          D:11 |       0 |    6463 |   0.0 |       0 |      31 |   0.0 |   447
          D:12 |       0 |    2751 |   0.0 |       0 |      31 |   0.0 |  1057
        Lair:1 |       0 |     397 |   0.0 |       0 |       3 |   0.0 |   172
         Orc:1 |       0 |     119 |   0.0 |       0 |       1 |   0.0 |    25
               +---------+---------+-------+---------+---------+-------+---------
